 Dungeon Crawl Stone Soup version 0.27.0-1-g7a089689b8 (webtiles) character file.

Game seed: 13164311236745743775

17 shadowrider38 the Chopper (level 2, -1/16 HPs)
             Began as a Vine Stalker Fighter on Aug 12, 2021.
             Slain by a giant cockroach (2 damage)
             ... on level 1 of the Dungeon.
             The game lasted 00:02:02 (515 turns).

shadowrider38 the Chopper (Vine Stalker Fighter)     Turns: 515, Time: 00:02:03

Health: -1/16      AC:  6    Str: 18    XL:     2   Next: 62%
Magic:  0/3        EV:  7    Int:  8    God:
Gold:   5          SH:  9    Dex: 13    Spells: 1/1 levels left

rFire    . . .     SeeInvis .   a - +0 war axe
rCold    . . .     Faith    .   c - +0 kite shield
rNeg     . . .     Spirit   +   b - +0 scale mail
rPois    .         Reflect  .   (no helmet)
rElec    .         Harm     .   (no cloak)
rCorr    .         Rampage  .   (no gloves)
Will     .....                  (no boots)
Stlth    ..........             (no amulet)
HPRegen  0.05/turn              (no ring)
MPRegen  0.08/turn              (no ring)

@: no status effects
A: fangs 2, magic shield, antimagic bite, no potion heal 2
a: no special abilities


You were on level 1 of the Dungeon.
You visited 1 branch of the dungeon, and saw 1 of its levels.

You collected 5 gold pieces.

Inventory:

Hand Weapons
 a - a +0 war axe (weapon)
Armour
 b - a +0 scale mail (worn)
 c - a +0 kite shield (worn)
Potions
 d - a potion of might


   Skills:
 - Level 2.6 Fighting
 + Level 2.8 Axes
 - Level 2.4 Armour
 - Level 2.6 Shields


You had one spell level left.
You didn't know any spells.
Your spell library was empty.

Dungeon Overview and Level Annotations

Branches:
Dungeon (1/15)

Altars:


Innate Abilities, Weirdness & Mutations

You have extremely sharp teeth.
When hurt, damage is shared between your health and your magic reserves.
Your bite disrupts and absorbs the magic of your enemies.
Potions cannot restore your health.


Message History

The giant cockroach barely misses you.
The giant cockroach bites you but does no damage.
You block the giant cockroach's attack. You block the giant cockroach's attack.
The giant cockroach bites you but does no damage.
The giant cockroach closely misses you. You block the giant cockroach's attack.
The giant cockroach barely misses you. You block the giant cockroach's attack.
You block the giant cockroach's attack. x2
The giant cockroach bites you.
* * * LOW HITPOINT WARNING * * *
You block the giant cockroach's attack. You block the giant cockroach's attack.
The giant cockroach bites you but does no damage.
You block the giant cockroach's attack. The giant cockroach barely misses you.
You block the giant cockroach's attack.
The giant cockroach bites you but does no damage.
You block the giant cockroach's attack. The giant cockroach barely misses you.
The giant cockroach bites you but does no damage. x2
You block the giant cockroach's attack. You block the giant cockroach's attack.
You block the giant cockroach's attack. The giant cockroach bites you.
* * * LOW HITPOINT WARNING * * *
You block the giant cockroach's attack.
The giant cockroach bites you but does no damage.
The giant cockroach bites you.
The giant cockroach bites you but does no damage.
You block the giant cockroach's attack.
The giant cockroach bites you but does no damage.
The giant cockroach bites you.
* * * LOW HITPOINT WARNING * * *
The giant cockroach bites you but does no damage.
You block the giant cockroach's attack. You block the giant cockroach's attack.
The giant cockroach bites you. The giant cockroach bites you.
You die...

≈. #≈.≈# §§ §.≈ #≈§≈#
≈§§ .# §.≈###§.≈###≈.≈
.##..≈ ≈.≈§≈§§§≈≈≈§§.≈
.# ...........§.§.....
.# #.§≈ §≈.≈≈≈≈≈.≈§≈ .#
#.≈# #≈.§# #§.≈# .# #.≈#
#≈.≈# #§@≈# .#
#.≈###§§§###§B≈###§§ .#
#.≈§§≈≈.≈§§§≈.≈≈≈≈§§
.###.§§......§.§......§.
grr...#§÷.......##......
..g..##.........# ......
.....##.........# ......
.....##.........# ......
#######†........# .....


You could see a giant cockroach.

Vanquished Creatures
  2 dart slugs (D:1)
  A bat (D:1)
  A giant cockroach (D:1)
  2 goblins (D:1)
  A hobgoblin (D:1)
  A jackal (D:1)
  A frilled lizard (D:1)
  A kobold (D:1)
  3 rats (D:1)
13 creatures vanquished.

Notes
Turn   | Place    | Note
-------+----------+-------------------------------------------
     0 | D:1      | shadowrider38 the Vine Stalker Fighter began the quest for
                  | the Orb.
     0 | D:1      | Reached XP level 1. HP: 11/11 MP: 2/2
    81 | D:1      | Reached XP level 2. HP: 16/16 MP: 3/3
   515 | D:1      | Slain by a giant cockroach

Illustrated notes

Levels and vault maps discovered:
D:1:      dpeg_arrival_arbitrary_c, layout_basic, kennysheep_boxes

Skill      XL: |  1 |
---------------+----+-----
Axes           | 2 |  2.8
Fighting       | |  2.6
Armour         | |  2.4
Shields        | |  2.6

Action                   || total
-------------------------++-------
Melee: War axe           ||    30
       Bite              ||     5
Armor: Scale mail        ||    69
Dodge: Dodged            ||    73
Block: Kite shield       ||    97
